 Dungeon Crawl Stone Soup version 0.22.1-2-g9c5b331383 (webtiles) character file.

498 Morrissey the Covert (level 6, -2/28 HPs)
             Began as a Spriggan Enchanter on Dec 6, 2018.
             Slain by an elf zombie (4 damage)
             ... on level 5 of the Dungeon.
             The game lasted 00:11:03 (4923 turns).

Morrissey the Covert (Spriggan Enchanter)           Turns: 4923, Time: 00:11:04

Health: -2/28      AC:  2    Str:  6    XL:     6   Next: 94%
Magic:  12/14      EV: 19    Int: 16    God:
Gold:   167        SH:  0    Dex: 17    Spells: 9/15 levels left

rFire    . . .     SeeInvis +   a - +1 dagger
rCold    . . .     Gourm    .   (shield restricted)
rNeg     . . .     Faith    .   b - +0 robe
rPois    .         Spirit   .   (helmet restricted)
rElec    .         Reflect  .   (no cloak)
rCorr    .         Harm     .   (gloves unavailable)
MR       +....                  (boots unavailable)
Stlth    ++++......             (no amulet)
HPRegen  0.09/turn              (no ring)
MPRegen  0.14/turn              (no ring)

@: very quick
A: very small, unfitting armour, see invisible, herbivore, speed 3, slow
metabolism 2
a: no special abilities


You were on level 5 of the Dungeon.
You were very hungry.

You visited 1 branch of the dungeon, and saw 5 of its levels.

You collected 167 gold pieces.

Inventory:

Hand Weapons
 a - a +1 dagger (weapon)
Armour
 b - a +0 robe (worn)
Wands
 s - a wand of flame (34)
Scrolls
 c - 2 scrolls of amnesia {unknown}
 e - 3 scrolls of identify {unknown}
 f - 4 scrolls of remove curse {unknown}
 j - 5 scrolls of teleportation {unknown}
 k - 2 scrolls of fog {unknown}
 o - a scroll of fear {unknown}
 q - a scroll of immolation {unknown}
 r - a scroll of random uselessness {unknown}
Potions
 g - a potion of curing {unknown}
 h - a potion of brilliance {unknown}
 i - a potion of heal wounds {unknown}
 l - a potion of flight {unknown}
 m - a potion of haste {unknown}
 n - 2 potions of invisibility {unknown}
 p - a potion of ambrosia {unknown}
 t - a potion of magic {unknown}
Comestibles
 d - 4 rations


   Skills:
 - Level 1.1 Short Blades
 - Level 3.9 Dodging
 * Level 9.0 Stealth
 * Level 5.2 Spellcasting
 * Level 5.2 Hexes


You had 9 spell levels left.
You knew the following spells:

 Your Spells              Type           Power        Failure   Level  Hunger
a - Corona                Hex            ###....      1%          1    None
b - Ensorcelled Hibernat  Hex/Ice        ##....       8%          2    #......
c - Confuse               Hex            ###.....     5%          3    ###....

Your spell library contained the following spells:

 Spells                   Type           Power        Failure   Level  Hunger
 Tukima's Dance           Hex            ###.....     5%          3    ###....
 Dazzling Spray           Conj/Hex       ##....       16%         3    ###....


Dungeon Overview and Level Annotations

Branches:
Dungeon (5/15)
 Temple: D:4-7

Altars:
Ashenzari
Cheibriados
Okawaru
Qazlal
Trog
Wu Jian
Yredelemnul

Shops:
D:5 (


Innate Abilities, Weirdness & Mutations

You are very small and have problems with some larger weapons.
You are too small for most types of armour.
You have supernaturally acute eyesight. (SInv)
You are a herbivore.
You cover ground extremely quickly.
You need to consume almost no food.


Message History

The elf zombie closely misses you.
You hit the elf zombie.
The elf zombie is lightly damaged.
The elf zombie misses you.
You catch the helpless elf zombie completely off-guard!
You puncture the elf zombie!
The elf zombie is moderately damaged.
You catch the helpless elf zombie completely off-guard!
You impale the elf zombie!!
The elf zombie is heavily damaged.
The elf zombie closely misses you.
You catch the helpless elf zombie completely off-guard!
You impale the elf zombie!!
The elf zombie is almost destroyed.
The elf zombie hits you!
* * * LOW HITPOINT WARNING * * *
You hit the elf zombie but do no damage.
The elf zombie is almost destroyed.
The elf zombie hits you.
You die...

# .. . .# . #.# .
#############.#######
#...................#
#.########..........#
#.##### ##.........#
#.'.@Z# #..........
#####+# #........∩.
#..........
###...>..## #...#.###
#.....# #....##
###..#.# #......#


You could see an elf zombie (confused).

Vanquished Creatures
  An ice beast (D:5)
  An ogre (D:4)
  A scorpion (D:4)
  A hound (D:2)
  An orc wizard (D:4)
  2 orc priests (D:4)
  A worker ant (D:4)
  4 adders
  A shadow imp (D:5)
  An ooze (D:1)
  An adder zombie (D:5)
  2 dart slugs
  2 worms (D:3)
  6 leopard geckos
  12 orcs (D:4)
  4 giant cockroaches
  2 goblins
  A hobgoblin (D:1)
  2 quokkas
  A ball python (D:1)
  3 bats
  A frilled lizard (D:4)
  A jackal skeleton (D:4)
  7 kobolds
  6 rats
65 creatures vanquished.

Notes
Turn   | Place    | Note
-------+----------+-------------------------------------------
     0 | D:1      | Morrissey the Spriggan Enchanter began the quest for the
                  | Orb.
     0 | D:1      | Reached XP level 1. HP: 9/9 MP: 5/5
   372 | D:1      | Reached XP level 2. HP: 7/13 MP: 4/6
   511 | D:1      | Learned a level 2 spell: Ensorcelled Hibernation
   644 | D:1      | Reached skill level 5 in Stealth
  1241 | D:2      | Found a faded altar of an unknown god.
  1874 | D:2      | Reached skill level 6 in Stealth
  1874 | D:2      | Reached XP level 3. HP: 16/16 MP: 5/8
  2002 | D:2      | Learned a level 3 spell: Confuse
  2136 | D:3      | Reached XP level 4. HP: 21/21 MP: 9/9
  2179 | D:3      | Found a bloodstained altar of Trog.
  2359 | D:3      | Found a stormy altar of Qazlal.
  2359 | D:3      | Found a snail-covered altar of Cheibriados.
  2364 | D:3      | Found an ornate altar of the Wu Jian Council.
  2366 | D:3      | Found a shattered altar of Ashenzari.
  2368 | D:3      | Found a basalt altar of Yredelemnul.
  3552 | D:4      | Reached skill level 7 in Stealth
  4086 | D:4      | Reached XP level 5. HP: 24/24 MP: 6/11
  4342 | D:4      | Reached skill level 8 in Stealth
  4474 | D:4      | Reached XP level 6. HP: 28/28 MP: 11/13
  4534 | D:5      | Entered Level 5 of the Dungeon
  4637 | D:5      | Reached skill level 5 in Spellcasting
  4643 | D:5      | Found an iron altar of Okawaru.
  4667 | D:5      | Found a bloodstained altar of Trog.
  4841 | D:5      | Noticed an ice beast
  4853 | D:5      | Killed an ice beast
  4853 | D:5      | Reached skill level 9 in Stealth
  4853 | D:5      | Reached skill level 5 in Hexes
  4881 | D:5      | Found Odehaekk's Weapon Emporium.
  4923 | D:5      | Slain by an elf zombie

Skill      XL: |  1  2  3  4  5  6 |
---------------+-------------------+-----
Stealth        | 6 7 8 9 |  9.0
Hexes          | 4 5 |  5.2
Spellcasting   | 3 4 5 |  5.2
Short Blades   | |  1.1
Dodging        | |  3.9

Action                   |  1- 3 |  4- 6 || total
-------------------------+-------+-------++-------
Melee: Dagger            |    93 |   161 ||   254
 Cast: Corona            |    20 |     1 ||    21
       Ensorcelled Hiber |     7 |    38 ||    45
       Confuse           |       |     7 ||     7
 Stab: Sleeping          |     8 |    29 ||    37
       Distracted        |     1 |       ||     1
       Confused          |       |     6 ||     6
  Eat: Ration            |       |     2 ||     2
Armor: Robe              |     9 |     7 ||    16
Dodge: Dodged            |    98 |   125 ||   223
